 Dungeon Crawl Stone Soup version 0.30-a0-722-g3e6e8c874d (webtiles) character file.

Game seed: 1073866778122729337

4545 Lobster4 the Trooper (level 10, -3/80 HPs)
             Began as a Human Artificer on Jan 27, 2023.
             Was a Follower of Makhleb.
             Slain by a shadow (14 damage)
             ... on level 9 of the Dungeon.
             The game lasted 00:34:47 (10147 turns).

Lobster4 the Trooper (Human Artificer)             Turns: 10147, Time: 00:34:48

Health: -3/80      AC:  9    Str: 16    XL:     10   Next: 67%
Magic:  14/14      EV: 14    Int: 11    God:    Makhleb [*.....]
Gold:   564        SH:  5    Dex: 15    Spells: 14/15 levels left

rFire   . . .      SeeInvis .    H - +0 flail (holy)
rCold   + . .      Faith    .    A - +0 buckler
rNeg    . . .      Spirit   .    K - +0 steam dragon scales
rPois   .          Reflect  .    u - +1 helmet
rElec   .          Harm     .    (no cloak)
rCorr   .          Rampage  .    (no gloves)
Will    +....                    S - +0 pair of boots
Stlth   ++                       p - amulet of the acrobat
HPRegen 0.33/turn                i - ring of willpower
MPRegen 0.14/turn                l - ring of protection from cold

@: no status effects
A: no striking features
a: Renounce Religion


You were on level 9 of the Dungeon.
You worshipped Makhleb.
Makhleb was aware of your devotion.
You visited 2 branches of the dungeon, and saw 10 of its levels.

You collected 564 gold pieces.

Inventory:

Hand Weapons
 a - a +3 mace of venom
 b - a +0 sling
 o - a +0 hand axe
 q - a +2 flail of protection
 G - a +2 whip of flaming
 H - a +0 flail of holy wrath (weapon)
 J - a +0 shortbow
 R - a +3 flail
Missiles
 L - 2 boomerangs
 O - 2 poisoned darts
Armour
 j - a +0 leather armour
 k - a +0 scale mail
 u - a +1 helmet (worn)
 x - a +0 kite shield
 A - a +0 buckler (worn)
 C - a +1 ring mail of willpower
 K - +0 steam dragon scales (worn)
 S - a +0 pair of boots (worn)
Jewellery
 c - the ring of Akkobo {Ice rCorr MP+9 Int+3}
   (You found it on level 4 of the Dungeon)

   [ring of ice]

   It enhances your ice magic.
   Int:       It affects your intelligence (+3).
   rF:        It makes you vulnerable to fire.
   rC:        It protects you from cold.
   MP:        It affects your magic capacity (+9).
   rCorr:     It protects you from acid and corrosion.
 h - a ring of wizardry
 i - a ring of willpower (left hand)
 l - a ring of protection from cold (right hand)
 p - an amulet of the acrobat (around neck)
 v - a ring of resist corrosion
Wands
 d - a wand of charming (14)
 e - a wand of iceblast (11)
 s - a wand of flame (3) (quivered)
 B - a wand of mindburst (16)
 Q - a wand of digging (5)
Scrolls
 f - 5 scrolls of magic mapping
 r - 3 scrolls of immolation
 t - a scroll of enchant armour
 w - 6 scrolls of teleportation
 y - a scroll of poison
 M - a scroll of enchant weapon
Potions
 g - 3 potions of cancellation
 m - a potion of flight
 n - 2 potions of lignification
 z - 8 potions of curing
 D - 5 potions of might {unknown}
 E - a potion of invisibility {unknown}
 F - 2 potions of heal wounds {unknown}
 I - a potion of magic
 N - a potion of resistance {unknown}
 P - a potion of ambrosia {unknown}


   Skills:
 + Level 7.8 Fighting
 - Level 1.0 Short Blades
 - Level 1.8(3.0) Axes
 - Level 3.7(4.0) Maces & Flails
 - Level 3.0 Throwing
 - Level 6.0 Armour
 - Level 6.0 Dodging
 - Level 1.0 Stealth
 + Level 5.1 Shields
 - Level 3.0 Spellcasting
 - Level 3.0 Conjurations
 - Level 3.0 Invocations
 - Level 3.0 Evocations


You had 14 spell levels left.
You knew the following spells:

 Your Spells              Type           Power      Damage    Failure   Level
a - Magic Dart            Conj           32%        1d4       10%         1

Your spell library contained the following spells:

 Spells                   Type           Power      Damage    Failure   Level
 Momentum Strike          Conj/Tloc      8%         3d8       26%         2
 Blink                    Tloc           2%         N/A       45%         2
 Call Imp                 Summ           1%         N/A       45%         2
 Lesser Beckoning         Tloc           2%         N/A       45%         2
 Mephitic Cloud           Conj/Pois/Air  3%         N/A       54%         3


Dungeon Overview and Level Annotations

Branches:
Dungeon (9/15)             Temple (1/1) D:5
   Lair: D:8-11         Orc: D:9-12

Altars:
Ashenzari
Cheibriados
Dithmenos
Elyvilon
Fedhas
Gozag
Hepliaklqana
Makhleb
Nemelex Xobeh
Okawaru
Qazlal
Ru
Trog
Uskayaw
Wu Jian
Xom
Yredelemnul
Zin
The Shining One

Shops:
D:4 *(

Annotations:
D:6 3 runed translucent doors, tinescath's ghost, novice DrHW
D:8 exclusion: wight


Message History

You hit the shadow but do no damage.
The shadow is almost destroyed.
The shadow slips into darkness.
The shadow flickers and vanishes!
Deactivating autopickup; reactivate with Ctrl-A.
You barely miss something.
The shadow strikes at you from the darkness!
Reactivating autopickup.
You hit the shadow but do no damage.
The shadow is almost destroyed.
The howler monkey hoots and howls with incredible vigour!
The shadow slips into darkness.
The shadow flickers and vanishes!
Deactivating autopickup; reactivate with Ctrl-A.
You hear a bellow! x2
You closely miss something.
The shadow strikes at you from the darkness!
Reactivating autopickup.
You barely miss the shadow.
The shadow is almost destroyed.
The shadow misses you.
The shadow slips into darkness.
The shadow flickers and vanishes!
Deactivating autopickup; reactivate with Ctrl-A.
You barely miss something.
The shadow strikes at you from the darkness!
You closely miss something.
The shadow strikes at you from the darkness!
* * * LOW HITPOINT WARNING * * *
Reactivating autopickup.
You hit the shadow.
The shadow convulses.
The shadow is almost destroyed.
The howler monkey hoots and howls with incredible vigour!
The shadow slips into darkness.
The shadow flickers and vanishes!
Deactivating autopickup; reactivate with Ctrl-A.
You hear a bellow! x3
You hit something but do no damage.
The shadow strikes at you from the darkness!
You die...

#.###...z.##...
#.......z......
#####..##.........#
#......#..#######..
#zz## ##z## #hz#
#{## ####@####
#.......####..
#.###.............
#...........#####
#####...........##
##............##
#....).).......#
#...............
#...).))).......


You could see a howler monkey and 4 wights.

Vanquished Creatures
  Pikel (D:7)
  Prince Ribbit (D:9)
  Grum (D:8)
  2 steam dragons
  Duvessa (D:7)
  2 orc warriors (D:7)
  A black bear (D:7)
  An ice beast (D:7)
  2 ogres
  4 wolves (D:8)
  A centaur (D:6)
  2 phantoms (D:6)
  Blork the orc (D:4)
  3 bullfrogs
  A necrophage (D:5)
  A gnoll sergeant (D:9)
  4 scorpions
  Dowan (D:7)
  5 wights (D:8)
  4 killer bees (D:8)
  10 howler monkeys
  A gnoll bouda (D:6)
  6 hounds
  3 iguanas
  3 orc priests
  4 orc wizards
  Ijyb (D:4)
  Robin (D:2)
  11 gnolls
  6 adders
  A shadow imp (D:7)
  3 white imps
  2 ufetubi
  2 worms
  A dart slug (D:2)
  19 orcs
  11 ball pythons
  3 bats
  8 endoplasms
  A giant cockroach (D:1)
  19 hobgoblins
  10 jackals
  3 kobolds
  12 quokkas
  A frilled lizard (D:1)
  12 goblins
  5 rats
198 creatures vanquished.

Vanquished Creatures (others)
  9 fungi (D:7)
9 creatures vanquished.

Grand Total: 207 creatures vanquished

Notes
Turn   | Place    | Note
-------+----------+-------------------------------------------
     0 | D:1      | Lobster4 the Human Artificer began the quest for the Orb.
     0 | D:1      | Reached XP level 1. HP: 15/15 MP: 1/1
   168 | D:1      | Reached XP level 2. HP: 6/21 MP: 2/2
   381 | D:1      | Reached skill level 2 in Fighting
   409 | D:1      | Reached XP level 3. HP: 23/27 MP: 3/3
  1228 | D:2      | Reached XP level 4. HP: 34/34 MP: 4/4
  1458 | D:2      | Found a white marble altar of Elyvilon.
  1530 | D:2      | Noticed Robin
  2059 | D:2      | Reached XP level 5. HP: 34/40 MP: 5/5
  2227 | D:2      | Killed Robin
  2228 | D:2      | Reached skill level 3 in Fighting
  2228 | D:2      | Reached skill level 1 in Short Blades
  2591 | D:3      | Found a faded altar of an unknown god.
  2739 | D:3      | Reached skill level 1 in Axes
  2885 | D:4      | Reached XP level 6. HP: 37/48 MP: 6/6
  2992 | D:4      | Found Magicsei's Fire Supplies.
  3006 | D:4      | Identified the ring of Akkobo {Ice rCorr MP+9 Int+3}
  3039 | D:4      | Noticed Ijyb
  3042 | D:4      | Killed Ijyb
  3202 | D:4      | Found a snail-covered altar of Cheibriados.
  3203 | D:4      | Found a bloodstained altar of Trog.
  3232 | D:4      | Reached skill level 4 in Fighting
  3283 | D:4      | Found Yfuggy's Weapon Shop.
  3642 | D:4      | Noticed Blork the orc
  3644 | D:4      | Killed Blork the orc
  3645 | D:4      | Reached skill level 1 in Shields
  3645 | D:4      | Reached XP level 7. HP: 51/54 MP: 7/7
  4007 | D:5      | Entered Level 5 of the Dungeon
  4038 | D:5      | Reached skill level 1 in Throwing
  4186 | D:5      | Reached skill level 1 in Maces & Flails
  4284 | D:5      | Found a staircase to the Ecumenical Temple.
  4358 | Temple   | Entered the Ecumenical Temple
  4638 | D:5      | Reached skill level 1 in Spellcasting
  5081 | D:5      | Reached XP level 8. HP: 61/61 MP: 9/9
  5610 | D:6      | Reached skill level 5 in Fighting
  5936 | D:6      | Noticed tinescath's ghost (novice DrHW)
  5960 | D:6      | Found a runed translucent gate.
  5960 | D:6      | Found a runed translucent gate.
  5960 | D:6      | Found a runed translucent gate.
  6050 | D:6      | Reached XP level 9. HP: 68/68 MP: 12/12
  6885 | D:7      | Learned a level 1 spell: Magic Dart
  7064 | D:7      | Found a sparkling altar of Nemelex Xobeh.
  7065 | D:7      | Found a broken altar of Ashenzari.
  7066 | D:7      | Found a burning altar of Makhleb.
  7067 | D:7      | Found a glowing silver altar of Zin.
  7078 | D:7      | Became a worshipper of Makhleb the Destroyer
  7146 | D:7      | Reached skill level 5 in Armour
  7177 | D:7      | Noticed Dowan
  7210 | D:7      | Killed Dowan
  7458 | D:7      | Reached skill level 6 in Fighting
  7458 | D:7      | Reached skill level 1 in Conjurations
  7596 | D:7      | Reached skill level 1 in Invocations
  7839 | D:7      | Noticed Pikel
  7854 | D:7      | Killed Pikel
  7855 | D:7      | Reached skill level 5 in Dodging
  7855 | D:7      | Reached XP level 10. HP: 77/77 MP: 14/14
  8026 | D:7      | Noticed Duvessa
  8044 | D:7      | Killed Duvessa
  8044 | D:7      | Reached * piety under Makhleb
  8480 | D:8      | Noticed Grum
  8495 | D:8      | Killed Grum
  8966 | D:8      | Reached skill level 5 in Shields
  9190 | D:8      | Reached skill level 7 in Fighting
  9888 | D:9      | Noticed Prince Ribbit
  9902 | D:9      | Killed Prince Ribbit
 10147 | D:9      | Slain by a shadow

Illustrated notes

Levels and vault maps discovered:
D:1:      spicycebolla_arrival_clurvy, layout_loops_cross
D:2:      layout_loops_cross, basic_altar, dk_noncrumbling_4,
          minmay_misc_feat_chi, corexii_leaking_fountain, uniq_robin
D:3:      layout_rooms, basic_ecumenical_altar
D:4:      layout_basic, nicolae_overflow_squiral, serial_shops, shop_fountains,
          nicolae_shop_fire_sale [nicolae_sub_dead_trees], grunt_ministairs_1,
          uniq_blork_the_orc, uniq_ijyb
D:5:      layout_basic, minmay_temple_entry_statues_pillars
D:6:      layout_loops_cross, gammafunk_ghost_icy
D:7:      layout_loops_ring, mainiacjoe_overflow_alcove_3, dreamdust_gnoll_farm,
          uniq_duvessa, uniq_pikel
D:8:      layout_loops_corners, uniq_maurice, uniq_grum
D:9:      due_chaos_kobolds, layout_rooms, uniq_prince_ribbit1, uniq_erolcha
Temple:   nicolae_temple_figure_eight

Skill      XL: |  1  2  3  4  5  6  7  8  9 10 |
---------------+-------------------------------+-----
Fighting       | 2 3 4 5 6 7 |  7.8
Dodging        | 2 3 4 5 6 |  6.0
Short Blades   | 1 |  1.0
Axes           | 1 |  1.8
Armour         | 3 4 5 6 |  6.0
Shields        | 1 3 4 5 |  5.1
Throwing       | 1 2 3 |  3.0
Maces & Flails | 1 3 |  3.7
Spellcasting   | 1 2 3 |  3.0
Conjurations   | 2 3 |  3.0
Invocations    | 2 3 |  3.0
Stealth        | |  1.0
Evocations     | |  3.0

Action                     |  1- 3 |  4- 6 |  7- 9 | 10-12 || total
---------------------------+-------+-------+-------+-------++-------
  Melee: Club              |   129 |       |       |       ||   129
         Punch             |     1 |     2 |     3 |       ||     6
         Short sword       |    17 |    81 |       |       ||    98
         Hand axe          |       |   164 |       |       ||   164
         Mace              |       |    34 |   269 |   117 ||   420
         Flail             |       |       |    21 |    59 ||    80
  Throw: Dart              |       |     2 |     4 |     5 ||    11
         Throwing net      |       |       |     2 |     3 ||     5
         Javelin           |       |       |       |     5 ||     5
   Cast: Magic Dart        |       |       |       |     1 ||     1
  Evoke: Wand              |    13 |     8 |     3 |     4 ||    28
    Use: Scroll            |       |     8 |     8 |     5 ||    21
         Potion            |       |       |     1 |       ||     1
   Stab: Sleeping          |     2 |       |     1 |       ||     3
         Betrayed ally     |       |       |     1 |       ||     1
 Armour: Leather armour    |    40 |       |       |       ||    40
         Scale mail        |    19 |   154 |       |       ||   173
         Ring mail         |       |    16 |    93 |       ||   109
         Steam dragon scal |       |       |    39 |    42 ||    81
  Dodge: Dodged            |   111 |   157 |   240 |   150 ||   658
  Block: Buckler           |       |       |    16 |    60 ||    76

Table legend: (Time is in decaauts)
 A = Elapsed time spent in this place.
 B = Non-inter-level travel time spent in this place.
 C = Inter-level travel time spent in this place.
 D = Time resting spent in this place.
 E = Time spent auto-exploring this place.
 F = Levels seen in this place.
 G = Mean time per level.
                   A        B        C        D        E       F      G
               +--------+--------+--------+--------+--------+-----+--------+
         Total |  10373 |   9828 |    545 |   1523 |   5848 |  10 | 1037.3 |
       Dungeon |  10129 |   9624 |    505 |   1523 |   5647 |   9 | 1125.4 |
        Temple |    243 |    203 |     40 |      0 |    201 |   1 |  243.0 |
               +--------+--------+--------+--------+--------+-----+--------+

Top non-repeatable levels by time:
     D:8: 1795 daAuts
     D:4: 1438 daAuts
     D:6: 1315 daAuts
     D:7: 1293 daAuts
     D:1: 1276 daAuts
     D:5: 1222 daAuts
     D:2: 1042 daAuts
     D:3: 473 daAuts
     D:9: 272 daAuts
  Temple: 243 daAuts
